 Dungeon Crawl Stone Soup version 0.27-a0-1281-ge233d83751 (webtiles) character file.

Game seed: 9482401486318385317

14 Delamore the Shield-Bearer (level 2, -1/24 HPs)
             Began as a Formicid Fighter on June 14, 2021.
             Slain by a gnoll (4 damage)
             ... on level 1 of the Dungeon.
             The game lasted 00:00:51 (433 turns).

Delamore the Shield-Bearer (Formicid Fighter)        Turns: 433, Time: 00:00:51

Health: -1/24      AC:  6    Str: 20    XL:     2   Next: 60%
Magic:  2/2        EV:  7    Int:  7    God:
Gold:   23         SH:  9    Dex: 10    Spells: 1/1 levels left

rFire    . . .     SeeInvis +   a - +0 trident
rCold    . . .     Faith    .   c - +0 kite shield
rNeg     . . .     Spirit   .   b - +0 scale mail
rPois    .         Reflect  .   (helmet unavailable)
rElec    .         Harm     .   (no cloak)
rCorr    .         Rampage  .   (no gloves)
Will     .....                  (no boots)
Stlth    ..........             (no amulet)
HPRegen  0.08/turn              (no ring)
MPRegen  0.08/turn              (no ring)

@: no status effects
A: permanent stasis, dig shafts and tunnels, antennae 3, four strong arms
a: Dig, Shaft Self


You were on level 1 of the Dungeon.
You visited 1 branch of the dungeon, and saw 1 of its levels.

You collected 47 gold pieces.
You spent 24 gold pieces at shops.

Inventory:

Hand Weapons
 a - a +0 trident (weapon)
Missiles
 j - 4 boomerangs
Armour
 b - a +0 scale mail (worn)
 c - a +0 kite shield (worn)
Scrolls
 f - 2 scrolls of identify
 h - a scroll of amnesia {unknown}
 i - a scroll of magic mapping {unknown}
Potions
 d - a potion of might
 e - a potion of degeneration {unknown}
 g - a potion of attraction {unknown}


   Skills:
 + Level 3.5 Fighting
 * Level 2.7 Polearms
 - Level 3.2 Armour
 - Level 3.6 Shields


You had one spell level left.
You didn't know any spells.
Your spell library was empty.

Dungeon Overview and Level Annotations

Branches:
Dungeon (1/15)

Altars:

Shops:
D:1 ?([(:


Innate Abilities, Weirdness & Mutations

You cannot be hasted, slowed, berserked, paralysed or teleported.
You can dig through walls and to a lower floor.
You have a pair of large antennae on your head. (SInv)
Your four strong arms can wield two-handed weapons with a shield.


Message History

You are too injured to fight recklessly!
You are too injured to fight recklessly!
You are too injured to fight recklessly!
You are too injured to fight recklessly!
You are too injured to fight recklessly!
You are too injured to fight recklessly!
You are too injured to fight recklessly!
You are too injured to fight recklessly!
You are too injured to fight recklessly!
You are too injured to fight recklessly!
You are too injured to fight recklessly!
You extend your mandibles.
You dig through the rock wall.
The gnoll hits you from afar with a +0 spear.
You dig through the rock wall.
You dig through the rock wall.
You retract your mandibles.
You hit the gnoll but do no damage.
The gnoll is moderately wounded.
The gnoll hits you with a +0 spear.
* * * LOW HITPOINT WARNING * * *
You barely miss the gnoll.
The gnoll is moderately wounded.
The gnoll barely misses you. You block the gnoll's attack.
You hit the gnoll.
The gnoll is severely wounded.
You block the gnoll's attack.
You hit the gnoll.
The gnoll is almost dead.
The gnoll closely misses you.
Your shield and scale mail prevent you from hitting the gnoll.
The gnoll is almost dead.
You block the gnoll's attack. The gnoll hits you with a +0 spear.
* * * LOW HITPOINT WARNING * * *
You barely miss the gnoll.
The gnoll is almost dead.
You block the gnoll's attack.
You closely miss the gnoll.
The gnoll is almost dead.
The gnoll hits you with a +0 spear.
You die...

####
#............###### #
#.....♣......# ###
#....8....##.## ..##
#.........##..##
#..###.........###..#
##..##...<.....# ##.#
##..#.........####.#
###...##.##.####g#.#
#...####....# #@#{.#
#.#......#### ####.#
##.#..####### #r#
......).....## #†#
...##........## ...
...#.÷÷.......# ...
...#..........# .....
..............# .....
...#..........#
#.....#


You could see a gnoll.

Vanquished Creatures
  A dart slug (D:1)
  An endoplasm (D:1)
  A goblin (D:1)
  A hobgoblin (D:1)
  A ball python (D:1)
  4 bats (D:1)
  A frilled lizard (D:1)
  3 rats (D:1)
13 creatures vanquished.

Notes
Turn   | Place    | Note
-------+----------+-------------------------------------------
     0 | D:1      | Delamore the Formicid Fighter began the quest for the Orb.
     0 | D:1      | Reached XP level 1. HP: 18/18 MP: 1/1
    83 | D:1      | Reached XP level 2. HP: 24/24 MP: 2/2
   125 | D:1      | Found Mibbot's Antique Weapon Emporium.
   232 | D:1      | Found Huawk's Magic Scroll Emporium.
   240 | D:1      | Bought a scroll of identify for 24 gold pieces
   287 | D:1      | Found Wunoos's Antique Armour Shop.
   302 | D:1      | Found Neuclone's Book Boutique.
   356 | D:1      | Found Meapt's Weapon Emporium.
   433 | D:1      | Slain by a gnoll

Illustrated notes

Levels and vault maps discovered:
D:1:      wander_arrival_peaceful_grave, layout_rooms, serial_shops,
          nicolae_shop_behind_doors, nicolae_shop_waterfront, shop, shop, shop

Action                   || total
-------------------------++-------
Melee: Trident           ||    68
 Abil: Dig               ||     1
Armor: Scale mail        ||    19
Dodge: Dodged            ||    20
Block: Kite shield       ||    21

Table legend: (Time is in decaauts)
 A = Elapsed time spent in this place.
 B = Non-inter-level travel time spent in this place.
 C = Inter-level travel time spent in this place.
 D = Time resting spent in this place.
 E = Time spent auto-exploring this place.
 F = Levels seen in this place.
 G = Mean time per level.
                   A        B        C        D        E       F      G
               +--------+--------+--------+--------+--------+-----+--------+
         Total |    458 |    458 |      0 |      0 |    328 |   1 |  458.0 |
       Dungeon |    458 |    458 |      0 |      0 |    328 |   1 |  458.0 |
               +--------+--------+--------+--------+--------+-----+--------+

Top non-repeatable levels by time:
     D:1: 458 daAuts
